 Dungeon Crawl Stone Soup version 0.31-a0-506-g3d79149578 (webtiles) character file.

Game seed: 784667802957350391

41 Ethylacetat the Ducker (level 3, -3/25 HPs)
             Began as an Octopode Gladiator on Aug 9, 2023.
             Slain by an iguana (13 damage)
             ... on level 2 of the Dungeon.
             The game lasted 00:01:19 (873 turns).

Ethylacetat the Ducker (Octopode Gladiator)          Turns: 873, Time: 00:01:19

Health: -3/25      AC:  1    Str: 13    XL:     3   Next: 52%
Magic:  3/3        EV: 14    Int: 10    God:
Gold:   18         SH:  0    Dex: 15    Spells: 2/2 levels left

rFire   . . .        f - +3 dagger
rCold   . . .        (no shield)
rNeg    . . .        b - +0 hat
rPois   .            (no amulet)
rElec   .            (no ring)
rCorr   .            (no ring)
SInv    .            (no ring)
Will    .....        (no ring)
Stlth   +++          (no ring)
HPRegen 0.24/turn    (no ring)
MPRegen 0.08/turn    (no ring)
                     (no ring)

%: no passive effects
@: no status effects
A: almost no armour, amphibious, 8 rings, camouflage 1, gelatinous body 1,
(nimble swimmer 1), tentacles
a: no special abilities


You were on level 2 of the Dungeon.
You visited 1 branch of the dungeon, and saw 2 of its levels.

You collected 18 gold pieces.

Inventory:

Hand Weapons
 f - a +3 dagger (weapon)
Missiles
 c - 3 throwing nets (quivered)
 d - a javelin
Armour
 b - a +0 hat (worn)
Scrolls
 g - 2 scrolls of enchant armour {unknown}
 h - a scroll of summoning {unknown}
 i - a scroll of torment {unknown}
 j - 2 scrolls of revelation {unknown}
 l - a scroll of identify {unknown}
Potions
 a - a potion of degeneration {unknown}
 e - a potion of lignification {unknown}
 k - a potion of enlightenment {unknown}


   Skills:
 + Level 2.7 Fighting
 - Level 3.1 Long Blades
 - Level 2.0 Throwing
 + Level 3.4 Dodging
 + Level 2.2 Stealth


You had 2 spell levels left.
You didn't know any spells.
Your spell library was empty.

Dungeon Overview and Level Annotations

Branches:
Dungeon (2/15)

Altars:

Shops:
D:1 ?


Innate Abilities, Weirdness & Mutations

You cannot wear most types of armour.
You are amphibious.
You can wear up to eight rings at the same time.
Your skin changes colour to match your surroundings (Stealth+).
Your rubbery body absorbs attacks. (AC +1, EV +1)
((You are camouflaged when in or above water. (Stealth+)))
You have tentacles for arms and can constrict up to eight enemies at once.


Message History

You hit the endoplasm.
You kill the endoplasm!
HP restored.
j - 2 scrolls labelled JUUDAMO KUSEUVIF (gained 1)
You now have 18 gold pieces.
g - 2 scrolls labelled IVOHOG XEMATIT (gained 1)
Found an escape hatch in the floor.
Found a stone staircase leading down.
No target in view!
An iguana comes into view.
A ball python comes into view.
Found an emerald potion.
The iguana hisses angrily.
There are monsters nearby!
An iguana is nearby!
You hit the iguana but do no damage. You grab the iguana.
You tentacle-slap the iguana, but do no damage.
You constrict the iguana. The iguana closely misses you.
There are monsters nearby!
You barely miss the iguana.
The iguana is lightly wounded.
You constrict the iguana, but do no damage.
The iguana bites you!
There are monsters nearby!
You barely miss the iguana.
The iguana is lightly wounded.
You constrict the iguana.
The ball python hisses angrily.
A goblin comes into view. It is wielding a +0 club.
The iguana bites you.
There are monsters nearby!
You are too injured to fight recklessly!
You are too injured to fight recklessly!
There are monsters nearby!
You are too injured to fight recklessly!
You hit the iguana. Your squeeze misses the iguana.
The iguana is moderately wounded.
You constrict the iguana, but do no damage.
The iguana bites you!
Ouch! That really hurt!
You die...

#.####........####.
#.# #.######.# #.
###.###.####.# #.#
#. #.>.......##.#
#.# #.
#>###.###.##.# #.#
#. #..#.# #.#
.###.###..#.### #.#
................
...
.......@....####
.####..l##..#
....... ..#
..!.........#
..........S.#
..###...##..# ..
#...# .g# #...# .#


You could see an iguana, a goblin and a ball python.

Vanquished Creatures
  A gnoll (D:1)
  4 ball pythons
  3 endoplasms
  A giant cockroach (D:1)
  3 goblins (D:1)
  5 hobgoblins (D:1)
  3 bats
  3 frilled lizards (D:1)
  3 kobolds (D:1)
  4 rats
30 creatures vanquished.

Notes
Turn   | Place    | Note
-------+----------+-------------------------------------------
     0 | D:1      | Ethylacetat the Octopode Gladiator began the quest for the
                  | Orb.
     0 | D:1      | Reached XP level 1. HP: 14/14 MP: 1/1
    67 | D:1      | Reached skill level 1 in Stealth
    67 | D:1      | Reached XP level 2. HP: 19/19 MP: 2/2
   303 | D:1      | Reached XP level 3. HP: 22/25 MP: 3/3
   697 | D:1      | Found Rebilyas's Magic Scroll Boutique.
   873 | D:2      | Slain by an iguana

Illustrated notes

Levels and vault maps discovered:
D:1:      lightli_arrival_statuegarden, layout_basic, serial_shops,
          nicolae_shop_rolled_up
D:2:      cheibrodos_greedy_goblins, layout_loops_ring,
          chequers_ecumenical_altar_twisty, minmay_misc_feat_enclosed

Skill      XL: |  1  2  3 |
---------------+----------+-----
Stealth        | 1 2 |  2.2
Fighting       | |  2.7
Long Blades    | |  3.1
Throwing       | |  2.0
Dodging        | |  3.4

Action                     || total
---------------------------++-------
  Melee: Long sword        ||     9
         Constrict         ||    15
         Tentacles         ||    11
         Dagger            ||    43
         Punch             ||     2
   Stab: Sleeping          ||     7
  Dodge: Dodged            ||    26

Table legend: (Time is in decaauts)
 A = Elapsed time spent in this place.
 B = Non-inter-level travel time spent in this place.
 C = Inter-level travel time spent in this place.
 D = Time resting spent in this place.
 E = Time spent auto-exploring this place.
 F = Levels seen in this place.
 G = Mean time per level.
                   A        B        C        D        E       F      G
               +--------+--------+--------+--------+--------+-----+--------+
         Total |    870 |    847 |     23 |      0 |    696 |   2 |  435.0 |
       Dungeon |    870 |    847 |     23 |      0 |    696 |   2 |  435.0 |
               +--------+--------+--------+--------+--------+-----+--------+

Top non-repeatable levels by time:
     D:1: 774 daAuts
     D:2: 95 daAuts
